 Dungeon Crawl Stone Soup version 0.21-a0-286-g6fcecc0 (webtiles) character file.

10770 Hasart the Thaumaturge (level 11, -6/78 HPs)
             Began as a Mummy Wizard on Sept 28, 2017.
             Was an Initiate of Gozag.
             Mangled by a wraith (10 damage)
             ... led by Josephine
             ... on level 10 of the Dungeon.
             The game lasted 00:56:53 (18932 turns).

Hasart the Thaumaturge (Mummy Wizard)              Turns: 18932, Time: 00:56:53

Health: -6/78      AC: 11    Str: 11    XL:     11   Next: 40%
Magic:  20/25      EV: 11    Int: 23    God:    Gozag
Gold:   830        SH:  2    Dex: 11    Spells: 13/31 levels left

rFire    x . .     SeeInvis .   C - +4 morningstar
rCold    + + .     Gourm    .   (no shield)
rNeg     + + +     Faith    .   K - +3 leather armour {rC+}
rPois    ∞         Spirit   .   a - +1 helmet {Int+3}
rElec    .         Reflect  +   o - +1 cloak
rCorr    .         Harm     .   (no gloves)
MR       ++...                  p - +0 pair of boots
Stlth    ++........             j - +2 amulet of reflection
HPRegen  0.23/turn              g - ring of stealth
MPRegen  0.19/turn              A - ring of protection from magic

@: slowed, very slow
A: no food or potions, fire vulnerability, cold resistance 1, negative energy
resistance 3, torment resistance, unbreathing
a: Potion Petition, Call Merchant, Bribe Branch, Renounce Religion


You were on level 10 of the Dungeon.
You worshipped Gozag.
Gozag was pleased with you.
You were not hungry.

You visited 3 branches of the dungeon, and saw 12 of its levels.

You collected 1832 gold pieces.
You spent 464 gold pieces at shops.
You paid 538 gold pieces to Gozag.

Inventory:

Hand Weapons
 e - a +0 blowgun
 z - a +1 trident of venom
 C - a +4 morningstar (weapon)
 F - the +8 war axe of the Gloaming {vamp, +Blink +Fly rElec Int-4}
   (You bought it in a shop on level 8 of the Dungeon)

   It inflicts no extra harm, but heals its wielder when it wounds a living foe.
   It affects your intelligence (-4).
   It insulates you from electricity.
   It lets you fly.
   It lets you blink.
Missiles
 k - 42 poisoned needles
Armour
 a - a +1 helmet of intelligence (worn)
 o - a +1 cloak (worn)
 p - a +0 pair of boots (worn)
 s - the +3 ring mail of Beogh's Whim {rElec rF+ rN+ Str-2}
   (You found it on level 6 of the Dungeon)

   It affects your strength (-2).
   It protects you from fire.
   It insulates you from electricity.
   It protects you from negative energy.
 G - the +2 robe "Rupalu" {*Corrode rPois Str-4 Int+9}
   (You bought it in a shop on level 8 of the Dungeon)

   It affects your strength (-4).
   It affects your intelligence (+9).
   It protects you from poison.
   It may corrode you when you take damage.
 K - a +3 leather armour of cold resistance (worn)
Jewellery
 g - a ring of stealth (left hand)
 j - a +2 amulet of reflection (around neck)
 n - an uncursed amulet of regeneration
 A - a ring of protection from magic (right hand)
Wands
 r - a wand of paralysis (5/24)
 t - a wand of polymorph (16/24)
 u - a wand of flame (26/48)
 x - a wand of flame (26/48)
 D - a wand of iceblast (6/15)
 I - a wand of paralysis (14/24)
 J - a wand of acid (10/15)
Scrolls
 b - 2 scrolls of fear {unknown}
 d - 5 scrolls of recharging
 f - 8 scrolls of identify
 h - a scroll of blinking
 i - 6 scrolls of teleportation
 l - a scroll of vulnerability {unknown}
 q - a scroll of fog {unknown}
 w - a scroll of enchant armour {unknown}
 H - a scroll of amnesia {unknown}
Books
 c - a book of Minor Magic

   Spells                             Type                      Level
   a - Magic Dart                     Conjuration                  1
   b - Blink                          Translocation                2
   c - Call Imp                       Summoning                    2
   d - Slow                           Hexes                        2
   e - Conjure Flame                  Conjuration/Fire             3
   f - Mephitic Cloud                 Conjuration/Poison/Air       3
 m - a book of Conjurations

   Spells                             Type                      Level
   a - Magic Dart                     Conjuration                  1
   b - Searing Ray                    Conjuration                  2
   c - Dazzling Spray                 Conjuration/Hexes            3
   d - Fulminant Prism                Conjuration/Hexes            4
   e - Force Lance                    Conjuration/Translocation    4
   f - Iskenderun's Mystic Blast      Conjuration                  4
 v - a book of Clouds

   Spells                             Type                      Level
   a - Poisonous Vapours              Poison/Air                   2
   b - Mephitic Cloud                 Conjuration/Poison/Air       3
   c - Conjure Flame                  Conjuration/Fire             3
   d - Freezing Cloud                 Conjuration/Ice/Air          6
   e - Ring of Flames                 Charms/Fire                  7
 B - a book of Cantrips

   Spells                             Type                      Level
   a - Confusing Touch                Hexes                        1
   b - Animate Skeleton               Necromancy                   1
   c - Summon Small Mammal            Summoning                    1
   d - Apportation                    Translocation                1
 E - a book of Flames

   Spells                             Type                      Level
   a - Flame Tongue                   Conjuration/Fire             1
   b - Throw Flame                    Conjuration/Fire             2
   c - Conjure Flame                  Conjuration/Fire             3
   d - Inner Flame                    Hexes/Fire                   3
   e - Sticky Flame                   Conjuration/Fire             4
   f - Fireball                       Conjuration/Fire             5


   Skills:
 + Level 4.8 Fighting
 - Level 1.6 Dodging
 - Level 1.5 Stealth
 + Level 10.5 Spellcasting
 + Level 6.9 Conjurations
 - Level 4.5 Summonings
 - Level 0.7 Translocations
 + Level 7.2 Ice Magic
 + Level 5.9 Air Magic
 - Level 2.5 Poison Magic


You had 13 spell levels left.
You knew the following spells:

 Your Spells              Type           Power        Failure   Level  Hunger
a - Magic Dart            Conj           ####         1%          1    N/A
b - Blink                 Tloc           N/A          8%          2    N/A
c - Call Imp              Summ           ####....     1%          2    N/A
d - Mephitic Cloud        Conj/Pois/Air  #####...     2%          3    N/A
e - Searing Ray           Conj           #####.       1%          2    N/A
f - Poisonous Vapours     Pois/Air       ####..       1%          2    N/A
g - Freezing Cloud        Conj/Ice/Air   #####.....   56%         6    N/A

Dungeon Overview and Level Annotations

Branches:
Dungeon (10/15)            Temple (1/1) D:4             Orc (1/2) D:10
   Lair: D:8-11

Altars:
Ashenzari
Cheibriados
Dithmenos
Elyvilon
Fedhas
Gozag
Hepliaklqana
Kikubaaqudgha
Makhleb
Nemelex Xobeh
Okawaru
Ru
Sif Muna
Trog
Uskayaw
Vehumet
Wu Jian
Xom
Yredelemnul
Zin
The Shining One
Beogh
Lugonu

Shops:
D:8 *


Innate Abilities, Weirdness & Mutations

You do not eat or drink.
Your flesh is vulnerable to fire.
You are immune to poison.
Your flesh is cold resistant. (rC+)
You are immune to negative energy. (rN+++)
You are immune to unholy pain and torment.
You can survive without breathing.


Message History

The wraith drains your vigour!
You feel as though you will be slow longer.
The wraith barely misses you. You block the wraith's attack.
The wraith hits you.
* * * LOW HITPOINT WARNING * * *
The wraith hits you but does no damage. The wraith completely misses you.
You block the wraith's attack.
Casting: Searing Ray
Confirm with . or Enter, or press ? or * to list all spells.
A beastly little devil appears in a puff of flame.
The wraith barely misses you. The wraith closely misses you.
The wraith hits you!
* * * LOW HITPOINT WARNING * * *
Unknown command.
Your crimson imp barely misses the wraith.
The wraith misses your crimson imp.
Your crimson imp misses the wraith.
The wraith hits you!
You die...
Your body crumbles into a pile of gold.

#.........#.#.# #.#
♣♣♣♣#.........#.#)# #.#
♣♣♣P≈≈≈P≈≈P≈....#.#.### #.#
♣P≈≈≈P≈P≈≈≈≈....#.#...# #.#
♣♣≈≈≈≈≈≈≈≈≈≈≈..###..##.######..
♣♣≈≈≈≈≈≈≈P≈P≈...#
##........###.
♣≈P≈≈≈≈≈≈≈≈≈≈P..# ####.###.....
♣≈≈≈≈≈≈≈≈P≈≈....# #.# #####)
♣≈≈≈≈≈≈≈≈≈PP..5@# #.# ####W.
♣≈≈≈≈≈≈≈≈P≈≈≈PWW# #.###....#
♣♣≈≈≈≈≈≈≈≈≈≈P..W# ####.##..####
♣♣♣≈≈≈≈≈≈P≈≈P..####.......##...
♣♣♣P≈P≈≈≈≈≈%......##.#####.##
♣♣♣######..<...#.......(.#
#........##...####
#......######.##
############......# #...####


You could see 3 wraiths and a friendly crimson imp.

Vanquished Creatures
  Josephine (Orc:1)
  A catoblepas (D:10)
  Erica (Orc:1)
  Nergalle (D:10)
  The ghost of p0werm0de the Fighter, a novice DsFE of Xom (D:8)
  Pikel (D:7)
  An orc knight (D:10)
  The ghost of p0werm0de the Grave Robber, a novice FoNe (D:6)
  A cyclops (D:9)
  Joseph (D:10)
  A merfolk (D:9)
  Prince Ribbit (D:5)
  A hornet (D:9)
  2 hippogriffs (D:8)
  A vampire (D:10)
  A sky beast (D:8)
  An ice beast (D:10)
  8 orc warriors
  A black bear (D:9)
  A necrophage (D:3)
  An eye of draining (D:9)
  An ogre (D:7)
  The ghost of p0werm0de the Skirmisher, an amateur DsCK of Xom (D:3)
  A crocodile (D:8)
  A centaur (D:7)
  6 bullfrogs
  A water moccasin zombie (D:6)
  A wyvern skeleton (D:6)
  A killer bee (D:8)
  3 scorpions
  2 howler monkeys
  3 wights (D:9)
  5 electric eels (D:10)
  2 crimson imps (D:9)
  A quasit (D:5)
  2 bullfrog zombies
  3 centaur skeletons
  6 hounds
  3 bullfrog skeletons
  4 orc priests
  2 orc wizards
  Terence (D:3)
  8 worker ants
  A killer bee zombie (D:5)
  2 hound skeletons
  A howler monkey zombie (D:5)
  2 worker ant zombies (D:10)
  9 adders
  16 gnolls
  2 shadow imps
  2 oozes
  An adder zombie (D:6)
  3 dart slugs
  6 leopard geckos
  33 orcs
  3 ball pythons (D:10)
  7 giant cockroaches
  9 goblins
  7 hobgoblins
  11 jackals
  7 quokkas
  5 bats
  3 frilled lizards
  4 kobolds
  10 rats
231 creatures vanquished.

Vanquished Creatures (collateral kills)
  A water moccasin (D:8)
  A phantom (D:4)
  A bullfrog (D:4)
  2 wights (D:9)
  2 hounds (D:4)
  A jelly (D:8)
  Ijyb (D:5)
  An adder (D:2)
  A worm (D:2)
  4 orcs
  2 giant cockroaches (D:2)
  A hobgoblin (D:2)
  A jackal (D:1)
  A jackal skeleton (D:5)
20 creatures vanquished.

Vanquished Creatures (others)
  A slave (D:7)
  3 plants (D:10)
4 creatures vanquished.

Grand Total: 255 creatures vanquished

Notes
Turn   | Place    | Note
-------+----------+-------------------------------------------
     0 | D:1      | Hasart the Mummy Wizard began the quest for the Orb.
     0 | D:1      | Reached XP level 1. HP: 13/13 MP: 5/5
   194 | D:1      | Reached skill level 1 in Conjurations
   610 | D:1      | Reached XP level 2. HP: 11/19 MP: 1/7
   883 | D:2      | Learned a level 2 spell: Blink
   886 | D:2      | Learned a level 2 spell: Call Imp
   892 | D:2      | Found an iron altar of Okawaru.
   958 | D:2      | Reached skill level 1 in Summonings
  1452 | D:2      | Reached XP level 3. HP: 22/24 MP: 0/9
  2745 | D:1      | Reached XP level 4. HP: 14/30 MP: 1/10
  3300 | D:3      | Found a radiant altar of Vehumet.
  3439 | D:3      | Noticed p0werm0de's ghost (amateur DsCK)
  3602 | D:4      | Found a staircase to the Ecumenical Temple.
  3616 | Temple   | Entered the Ecumenical Temple
  3672 | Temple   | Became a worshipper of Gozag Ym Sagoz the Greedy
  3756 | D:4      | Reached skill level 5 in Spellcasting
  3756 | D:4      | Reached XP level 5. HP: 35/35 MP: 4/12
  3824 | D:5      | Entered Level 5 of the Dungeon
  4361 | D:4      | Reached XP level 6. HP: 3/41 MP: 3/14
  5264 | D:4      | Found a burning altar of Makhleb.
  5264 | D:4      | Noticed a balrug
  5267 | D:4      | Noticed an orange demon
  5267 | D:4      | Noticed a hellwing
  5395 | D:4      | Found a shattered altar of Ashenzari.
  5435 | D:4      | Reached skill level 6 in Spellcasting
  5775 | D:5      | Noticed an ice beast
  6140 | D:5      | Reached XP level 7. HP: 25/46 MP: 16/16
  6146 | D:5      | Learned a level 3 spell: Mephitic Cloud
  6475 | D:5      | Learned a level 2 spell: Searing Ray
  6874 | D:5      | Noticed Prince Ribbit
  7278 | D:5      | Found a snail-covered altar of Cheibriados.
  7408 | D:5      | Reached skill level 1 in Air Magic
  7501 | D:5      | Noticed Ijyb
  7520 | D:5      | Killed Ijyb
  7873 | D:6      | Got a steaming ring mail
  7875 | D:6      | Identified the +3 ring mail of Beogh's Whim {rElec rF+ rN+ Str-2} (You found it on level 6 of the Dungeon)
  7930 | D:6      | Reached skill level 1 in Poison Magic
  8119 | D:6      | Found a glowing silver altar of Zin.
  8119 | D:6      | Noticed an angel
  8789 | D:6      | Reached XP level 8. HP: 27/52 MP: 9/18
  8809 | D:6      | Noticed p0werm0de's ghost (novice FoNe)
  9136 | D:7      | Reached skill level 7 in Spellcasting
  9300 | D:7      | Learned a level 2 spell: Poisonous Vapours
  9543 | D:7      | Learned a level 6 spell: Freezing Cloud
  9561 | D:7      | Found a shimmering altar of Xom.
  9688 | D:7      | Found a shadowy altar of Dithmenos.
  9715 | D:7      | Reached skill level 1 in Ice Magic
 10039 | D:7      | Found a hazy altar of Hepliaklqana.
 10216 | D:7      | Noticed Pikel
 10226 | D:7      | Killed Pikel
 10226 | D:7      | Reached skill level 8 in Spellcasting
 10226 | D:7      | Reached XP level 9. HP: 48/57 MP: 6/21
 10417 | D:7      | Found a blossoming altar of Fedhas.
 10417 | D:7      | Found an ancient bone altar of Kikubaaqudgha.
 10457 | D:7      | Found a deep blue altar of Sif Muna.
 10868 | D:7      | Found a bloodstained altar of Trog.
 11101 | D:8      | Noticed p0werm0de's ghost (novice DsFE)
 11362 | D:3      | Noticed Terence
 11369 | D:3      | Killed Terence
 11728 | D:3      | Killed p0werm0de's ghost
 12141 | D:5      | Killed Prince Ribbit
 12141 | D:5      | Reached skill level 5 in Conjurations
 12296 | D:6      | Killed p0werm0de's ghost
 12910 | D:8      | Reached skill level 9 in Spellcasting
 13003 | D:8      | Reached skill level 5 in Ice Magic
 13200 | D:8      | Reached skill level 1 in Fighting
 13284 | D:8      | Found a white marble altar of Elyvilon.
 13374 | D:9      | Found a sacrificial altar of Ru.
 13718 | D:9      | Reached XP level 10. HP: 61/65 MP: 16/23
 14333 | D:9      | Noticed a cyclops
 14735 | D:8      | Found a basalt altar of Yredelemnul.
 14760 | D:8      | Killed p0werm0de's ghost
 14995 | D:8      | Bought a steaming lapis lazuli ring for 115 gold pieces
 14995 | D:8      | Bought a fine war axe for 195 gold pieces
 14995 | D:8      | Bought a brightly glowing robe for 131 gold pieces
 14995 | D:8      | Bought a scroll labeled NYITIKH MASE for 23 gold pieces
 14996 | D:8      | Identified the +2 robe "Rupalu" {*Corrode rPois Str-4 Int+9} (You bought it in a shop on level 8 of the Dungeon)
 14998 | D:8      | Identified the ring "Rifoxuox" {*Tele *Corrode rElec rN+++ Str-2} (You bought it in a shop on level 8 of the Dungeon)
 14999 | D:8      | Identified a scroll of acquirement
 15013 | D:8      | Identified the +8 war axe of the Gloaming {vamp, +Blink +Fly rElec Int-4} (You bought it in a shop on level 8 of the Dungeon)
 15070 | D:9      | Killed a cyclops
 15429 | D:9      | Reached skill level 5 in Air Magic
 15732 | D:10     | Entered Level 10 of the Dungeon
 15885 | D:10     | Noticed Nergalle
 15915 | D:10     | Killed Nergalle
 16384 | D:10     | Found a roughly hewn altar of Beogh.
 16384 | D:10     | Found a staircase to the Orcish Mines.
 16394 | D:10     | Noticed an orc knight
 16788 | D:10     | Noticed a catoblepas
 16807 | D:10     | Killed a catoblepas
 16807 | D:10     | Reached skill level 10 in Spellcasting
 16848 | D:10     | Reached XP level 11. HP: 57/76 MP: 3/25
 17041 | D:10     | Noticed Joseph
 17051 | D:10     | Killed Joseph
 17339 | D:10     | Killed an orc knight
 17904 | D:10     | Found a blossoming altar of Fedhas.
 18218 | Orc:1    | Entered Level 1 of the Orcish Mines
 18271 | Orc:1    | Found a bloodstained altar of Trog.
 18292 | Orc:1    | Noticed Erica
 18552 | Orc:1    | Killed Erica
 18692 | Orc:1    | Noticed Josephine
 18718 | Orc:1    | Killed Josephine
 18930 | D:10     | HP: 3/78 [wraith[Josephine] (12)]
 18932 | D:10     | Mangled by a wraith

Vault maps used:
D:1:      eino_arrival_druids_welcome, minmay_quantized
D:2:      okawaru_trees_2
D:3:      marbit_many_paths, uniq_terence
D:4:      lemuel_crystal_altar, minmay_temple_entry_glass, first_bread,
          minivault_14, makhleb_altar_promises_db
D:5:      kennysheep_slug_shrine, uniq_ijyb, uniq_prince_ribbit1
D:6:      zin_angel, hangedman_decor_points
D:7:      grunt_temple_overflow_growth_and_decay, lemuel_blue_sif_altar,
          kennysheep_mini_moat, lemuel_crystal_altar, kennysheep_mini,
          old_standard_altar, uniq_pikel
D:8:      minmay_the_grid_octo_triangle, yredelemnul_altar_generic,
          elyvilon_altar_3
D:9:      lemuel_doored_altar, hangedman_fish_farm, corexii_checkpoint_b,
          lemuel_old_faithful
D:10:     david_orc_5, serial_bayou, serial_bayou_ford_a, serial_bayou_lagoon_a,
          serial_bayou_pond_d, serial_bayou_shore_a, introduction_to_nature_2,
          uniq_nergalle, uniq_joseph
Temple:   kb_corrupted_temple
Orc:1:    bloody_trog, uniq_josephine, uniq_erica

Skill      XL: |  1  2  3  4  5  6  7  8  9 10 11 |
---------------+----------------------------------+-----
Conjurations   | 1 2 3 4 5 6 |  6.9
Summonings     | 1 2 3 4 |  4.5
Spellcasting   | 5 6 8 9 10 | 10.5
Air Magic      | 1 3 4 5 |  5.9
Poison Magic   | 1 2 |  2.5
Ice Magic      | 2 5 6 7 |  7.2
Fighting       | 1 3 4 |  4.8
Dodging        | |  1.6
Stealth        | |  1.5
Translocations | |  0.7

Action                   |  1- 3 |  4- 6 |  7- 9 | 10-12 || total
-------------------------+-------+-------+-------+-------++-------
Melee: Mace              |    38 |     6 |       |       ||    44
       Dagger            |       |     2 |     2 |       ||     4
       Trident           |       |       |    65 |     3 ||    68
       Glaive            |       |       |     3 |       ||     3
       Morningstar       |       |       |       |   194 ||   194
 Fire: Blowgun           |       |    27 |    24 |       ||    51
 Cast: Magic Dart        |   109 |   111 |    80 |     4 ||   304
       Call Imp          |     9 |    14 |    33 |     7 ||    63
       Blink             |       |     1 |       |       ||     1
       Searing Ray       |       |       |    31 |    22 ||    53
       Mephitic Cloud    |       |       |     1 |     8 ||     9
       Poisonous Vapours |       |       |   102 |   101 ||   203
Invok: Call Merchant     |       |       |       |     1 ||     1
       Potion Petition   |       |       |       |     1 ||     1
  Use: Scroll            |     3 |     3 |     3 |     4 ||    13
 Stab: Sleeping          |     2 |       |     4 |     2 ||     8
       Confused          |       |       |       |     1 ||     1
Armor: Robe              |    48 |     3 |    22 |       ||    73
       Leather armour    |       |       |    25 |   159 ||   184
Dodge: Dodged            |   121 |    67 |   145 |   193 ||   526
Block: Other             |       |     6 |    19 |    27 ||    52

Table legend:
 A = Spawn XP
 B = Non-spawn XP
 C = Spawn XP percentage of total XP
 D = Spawn monster count
 E = Non-spawn monster count
 F = Spawn count percentage of total count
 G = Total turns spent on level
                    A         B        C        D         E        F      G
               +---------+---------+-------+---------+---------+-------+---------
         Total |       0 |   15386 |   0.0 |       0 |     251 |   0.0 | 18932
               +---------+---------+-------+---------+---------+-------+---------
           D:1 |       0 |      37 |   0.0 |       0 |      20 |   0.0 |  1400
           D:2 |       0 |      67 |   0.0 |       0 |      24 |   0.0 |  1841
           D:3 |       0 |     349 |   0.0 |       0 |      17 |   0.0 |  1052
           D:4 |       0 |     461 |   0.0 |       0 |      20 |   0.0 |  2333
           D:5 |       0 |     813 |   0.0 |       0 |      20 |   0.0 |  2166
           D:6 |       0 |     917 |   0.0 |       0 |      11 |   0.0 |  1451
           D:7 |       0 |    1582 |   0.0 |       0 |      27 |   0.0 |  2215
           D:8 |       0 |    2104 |   0.0 |       0 |      20 |   0.0 |  1476
           D:9 |       0 |    2152 |   0.0 |       0 |      34 |   0.0 |  2241
          D:10 |       0 |    4861 |   0.0 |       0 |      54 |   0.0 |  2490
         Orc:1 |       0 |    2043 |   0.0 |       0 |       4 |   0.0 |   190
               +---------+---------+-------+---------+---------+-------+---------
